 Dungeon Crawl Stone Soup version 0.30.1-11-g7821555f0a (webtiles) character file.

Game seed: 4877406665278149451

7762 BayOkux the Cleaver (level 11, 0/97 HPs)
             Began as a Minotaur Berserker on Nov 6, 2023.
             Was an Elder of Trog.
             Slain by a fenstrider witch zombie (6 damage)
             ... led by a necromancer
             ... on level 1 of the Abyss.
             The game lasted 01:23:58 (10988 turns).

BayOkux the Cleaver (Minotaur Berserker)           Turns: 10988, Time: 01:23:59

Health: 0/97       AC: 15    Str: 25    XL:     11   Next: 1%
Magic:  10/10      EV: 13    Int:  4    God:    Trog [****..]
Gold:   648        SH:  0    Dex: 10    Spells: 10/10 levels left

rFire   . . .        F - +10 hand axe "Qoywanniro" {flame, rElec rN+}
rCold   + + .        (no shield)
rNeg    + . .        u - +4 ring mail of the Stag {rF+ rC+ Str+3 Dex-4}
rPois   .            (helmet restricted)
rElec   +            (no cloak)
rCorr   .            z - +1 Delatra's gloves {ID++}
SInv    .            I - +0 pair of boots
Will    ++...        (no amulet)
Stlth   +            x - ring of wizardry
HPRegen 1.36/turn    H - ring of ice
MPRegen 0.12/turn

%: wizardry (x1)
@: strong-willed, on berserk cooldown, regenerating, slowed, studying Armour,
very slow
A: horns 2, retaliatory headbutt
a: Renounce Religion, Berserk, Trog's Hand, Brothers in Arms


You were on level 1 of the Abyss.
You worshipped Trog.
Trog was greatly pleased with you.
You visited 1 branch of the dungeon, and saw 9 of its levels.
You visited the Abyss 1 time.

You collected 648 gold pieces.

Inventory:

Hand Weapons
 j - a +0 antimagic halberd
 l - a +1 dagger of pain
 m - a +0 spear
 F - the +10 hand axe "Qoywanniro" (weapon) {flame, rElec rN+}
   (You found it on level 5 of the Dungeon)

   rElec:     It insulates you from electricity.
   rN:        It protects you from negative energy.
Missiles
 h - 97 stones (quivered)
 N - a throwing net
Armour
 c - a +0 leather armour
 f - a +0 ring mail
 k - a +0 scale mail
 u - the +4 ring mail of the Stag (worn) {rF+ rC+ Str+3 Dex-4}
   (You found it on level 3 of the Dungeon)

   Str:       It affects your strength (+3).
   Dex:       It affects your dexterity (-4).
   rF:        It protects you from fire.
   rC:        It protects you from cold.
 z - the +1 Delatra's gloves (worn) {ID++}
   (You found it on level 3 of the Dungeon)

   ID++:      It heals its wearer when they drink unknown potions, and restores
   their MP when they read unknown scrolls.
 I - a +0 pair of boots (worn)
 S - a +0 pair of gloves
Magical Staves
 Q - a staff of conjuration
Jewellery
 x - a ring of wizardry (left hand)
 H - a ring of ice (right hand)
Wands
 s - a wand of paralysis (9)
 M - a wand of iceblast (23)
Scrolls
 a - 6 scrolls of identify {unknown}
 d - 7 scrolls of noise {unknown}
 i - a scroll of fog {unknown}
 n - a scroll of butterflies {unknown}
 q - 2 scrolls of enchant armour {unknown}
 r - a scroll of acquirement {unknown}
 t - a scroll of enchant weapon {unknown}
 v - a scroll of teleportation {unknown}
 y - 3 scrolls of vulnerability {unknown}
 A - 2 scrolls of blinking {unknown}
 C - 5 scrolls of amnesia {unknown}
 J - a scroll of silence {unknown}
 K - 2 scrolls of immolation {unknown}
 O - a scroll of brand weapon {unknown}
 P - a scroll of poison {unknown}
 R - a scroll of torment {unknown}
Potions
 b - 7 potions of curing {unknown}
 e - a potion of flight {unknown}
 g - 3 potions of resistance {unknown}
 o - 2 potions of heal wounds {unknown}
 p - a potion of ambrosia {unknown}
 w - a potion of magic {unknown}
 B - a potion of invisibility {unknown}
 D - 2 potions of cancellation {unknown}
 E - a potion of haste {unknown}
 G - a potion of attraction {unknown}
 L - a potion of degeneration {unknown}


   Skills:
 + Level 9.6 Fighting
 + Level 11.6(12.8) Axes
 + Level 8.9(11.5) Polearms
 + Level 11.1 Armour
 + Level 7.2 Dodging
 + Level 2.9 Stealth


You had 10 spell levels left.
You didn't know any spells.
Your spell library contained the following spells:

 Spells                   Type           Power      Damage    Failure   Level
 Beastly Appendage        Tmut           0%         N/A       30%         1
 Wereblood                Tmut           0%         N/A       41%         2
 Spider Form              Tmut/Pois      0%         N/A       65%         3


Dungeon Overview and Level Annotations

Branches:
Dungeon (9/15)             Temple (0/1) D:5            Lair (0/5) D:9
    Orc (0/2) D:9

Altars:
Ashenzari
Dithmenos
Gozag
Hepliaklqana
Nemelex Xobeh
Okawaru
Ru
Trog
Wu Jian
Xom
Yredelemnul
The Shining One

Shops:
D:1 :   D:5 (   D:6 ?   D:8 *

Annotations:
D:9 Psyche


Innate Abilities, Weirdness & Mutations

You have a pair of horns on your head.
You reflexively headbutt those who attack you in melee.


Message History

The fenstrider witch zombie kicks you!
You have reached level 11!
Your skin crawls.
You feel strong-willed.
The fenstrider witch zombie closely misses you.
You furiously retaliate!
You headbutt the fenstrider witch zombie!
The fenstrider witch zombie barely misses you.
You slash the fenstrider witch zombie! You burn the fenstrider witch zombie!
The fenstrider witch zombie is heavily damaged.
The fenstrider witch zombie hits you but does no damage.
The fenstrider witch zombie kicks you.
You hit the fenstrider witch zombie. You burn the fenstrider witch zombie.
The fenstrider witch zombie is heavily damaged.
The fenstrider witch zombie hits you.
The fenstrider witch zombie kicks you but does no damage.
You closely miss the fenstrider witch zombie.
You headbutt the fenstrider witch zombie, but do no damage.
The fenstrider witch zombie is heavily damaged.
The fenstrider witch zombie hits you. The fenstrider witch zombie kicks you!
* * * LOW HITPOINT WARNING * * *
You slash the fenstrider witch zombie! You burn the fenstrider witch zombie.
The fenstrider witch zombie is severely damaged.
The fenstrider witch zombie hits you!
* * * LOW HITPOINT WARNING * * *
The fenstrider witch zombie kicks you!
* * * LOW HITPOINT WARNING * * *
The fenstrider witch zombie closely misses you.
The fenstrider witch zombie kicks you but does no damage.
You hit the fenstrider witch zombie. You burn the fenstrider witch zombie.
You headbutt the fenstrider witch zombie!
The fenstrider witch zombie is almost destroyed.
The fenstrider witch zombie barely misses you.
You furiously retaliate!
You headbutt the fenstrider witch zombie.
The fenstrider witch zombie closely misses you.
You barely miss the fenstrider witch zombie.
The fenstrider witch zombie is almost destroyed.
The fenstrider witch zombie hits you.
You die...

## . . #
.#. #.# #.#
#)# #@#
###Z###
#..#
#..Z.... #
#..).......
#...... .##
##.....# ..
..........
..#.#....#.
# #.#.. .
.#


You could see an ettin zombie and a fenstrider witch zombie.

Vanquished Creatures
  Pikel (D:7)
  A necromancer (Abyss:1)
  The ghost of mihai the Thaumaturge, a novice DESu of Hepliaklqana (D:8)
  A centaur skeleton (Abyss:1)
  A freezing wraith (Abyss:1)
  An efreet (Abyss:1)
  A hornet (D:9)
  A shadow (D:5)
  A yak (D:9)
  A ynoxinul (Abyss:1)
  A large abomination (Abyss:1)
  A steam dragon (D:7)
  A harpy simulacrum (Abyss:1)
  7 water moccasins
  A hornet zombie (D:7)
  2 sky beasts (D:7)
  3 black bears (D:9)
  3 orc warriors
  4 ice beasts
  An ogre (D:7)
  A centaur (D:6)
  2 lemures (D:7)
  2 bullfrogs
  2 gnoll sergeants
  3 scorpions
  3 wights (D:7)
  20 killer bees
  A howler monkey (D:5)
  2 centaur zombies (D:7)
  3 hounds
  3 orc priests
  A gnoll bouda (D:7)
  5 jellies
  A sleepcap (D:6)
  5 iguanas
  2 orc wizards
  3 howler monkey zombies (D:7)
  8 adders
  17 gnolls
  A river rat (D:4)
  A shadow imp (D:5)
  A white imp (D:6)
  An ufetubus (D:6)
  3 worms
  2 dart slugs (D:5)
  8 orcs
  3 endoplasms
  5 giant cockroaches
  6 goblins
  16 hobgoblins
  8 kobolds
  5 quokkas
  6 ball pythons
  11 bats
  4 frilled lizards
  10 rats
209 creatures vanquished.

Vanquished Creatures (others)
  A lurking horror (Abyss:1)
1 creature vanquished.

Grand Total: 210 creatures vanquished

Notes
Turn   | Place    | Note
-------+----------+-------------------------------------------
     0 | D:1      | BayOkux the Minotaur Berserker began the quest for the Orb.
     0 | D:1      | Reached XP level 1. HP: 19/19 MP: 0/0
   218 | D:1      | Reached XP level 2. HP: 26/27 MP: 1/1
   901 | D:1      | Found Lafatoo's Vocational Training.
  1363 | D:2      | Reached XP level 3. HP: 33/33 MP: 0/2
  1511 | D:2      | Reached ** piety under Trog
  1751 | D:2      | Reached skill level 1 in Polearms
  2048 | D:2      | Reached XP level 4. HP: 24/41 MP: 1/3
  2195 | D:2      | Identified the +1 robe of the Resonant God {rElec Will+
                  | Str+3}
  2832 | D:3      | Found a faded altar of an unknown god.
  3005 | D:3      | Identified the +4 ring mail of the Stag {rF+ rC+ Str+3
                  | Dex-4}
  3948 | D:3      | Found the +1 Delatra's gloves {ID++}
  4486 | D:4      | Reached XP level 5. HP: 47/47 MP: 1/4
  4554 | D:4      | Reached *** piety under Trog
  4887 | D:4      | Found a broken altar of Ashenzari.
  4950 | D:4      | Reached skill level 5 in Armour
  4950 | D:4      | Reached XP level 6. HP: 46/53 MP: 1/5
  5014 | D:4      | Reached skill level 1 in Stealth
  5471 | D:5      | Entered Level 5 of the Dungeon
  5610 | D:5      | Reached skill level 5 in Fighting
  5668 | D:5      | Found a shimmering altar of Xom.
  5668 | D:5      | Found a sacrificial altar of Ru.
  5668 | D:5      | Noticed an ice beast
  5676 | D:5      | Killed an ice beast
  5682 | D:5      | Found an ornate altar of the Wu Jian Council.
  5685 | D:5      | Found a shadowy altar of Dithmenos.
  5688 | D:5      | Noticed a shadow
  5689 | D:5      | Found an iron altar of Okawaru.
  5694 | D:5      | Killed a shadow
  5695 | D:5      | Reached skill level 5 in Polearms
  5695 | D:5      | Reached XP level 7. HP: 59/61 MP: 2/6
  5698 | D:5      | Found a hazy altar of Hepliaklqana.
  5709 | D:5      | Found an opulent altar of Gozag.
  5715 | D:5      | Found a bloodstained altar of Trog.
  5929 | D:5      | Found a staircase to the Ecumenical Temple.
  6373 | D:5      | Found a basalt altar of Yredelemnul.
  6376 | D:5      | Noticed a profane servitor
  6410 | D:5      | Reached XP level 8. HP: 70/70 MP: 2/7
  6420 | D:5      | Identified the +10 hand axe "Qoywanniro" {flame, rElec rN+}
  6432 | D:5      | Found Jaischei's Antique Weapon Shoppe.
  6566 | D:5      | Found a glowing golden altar of the Shining One.
  6669 | D:5      | Noticed an angel
  7380 | D:6      | Found Tafufol's Magic Scroll Shoppe.
  7515 | D:6      | Reached skill level 5 in Axes
  8015 | D:7      | Reached XP level 9. HP: 78/78 MP: 8/8
  8020 | D:7      | Identified the +0 ring mail "Loexobu" {Int+3}
  8080 | D:7      | Noticed Pikel
  8095 | D:7      | Killed Pikel
  8100 | D:7      | Reached skill level 5 in Dodging
  8470 | D:7      | Found a sparkling altar of Nemelex Xobeh.
  8575 | D:7      | Reached **** piety under Trog
  8580 | D:7      | Reached skill level 10 in Armour
  8728 | D:8      | Found Beirr's Assorted Antiques.
  9126 | D:8      | Reached XP level 10. HP: 88/88 MP: 9/9
  9194 | D:8      | Found a runed translucent gate.
  9194 | D:8      | Found a runed translucent gate.
  9194 | D:8      | Found a runed translucent gate.
  9194 | D:8      | Noticed mihai's ghost (novice DESu)
  9440 | D:8      | Killed mihai's ghost
  9697 | D:9      | Reached skill level 10 in Axes
  9787 | D:9      | Found a staircase to the Lair.
  9802 | D:9      | Reached ***** piety under Trog
 10589 | D:9      | Found a staircase to the Orcish Mines.
 10653 | D:9      | Noticed Psyche
 10661 | Abyss:1  | Cast into level 1 of the Abyss (Psyche)
 10814 | Abyss:1  | Noticed a necromancer
 10970 | Abyss:1  | Killed a necromancer
 10982 | Abyss:1  | Reached XP level 11. HP: 45/97 MP: 10/10
 10986 | Abyss:1  | HP: 3/97 [fenstrider witch zombie[a necromancer] (8)]
 10988 | Abyss:1  | Slain by a fenstrider witch zombie

Illustrated notes

Levels and vault maps discovered:
D:1:      amcnicky_arrival_wind_blow, layout_basic, nicolae_shop_vocational
D:2:      kennysheep_six_static_rooms, layout_basic
D:3:      layout_rooms, serial_co_window_serial, co_window_paths_b,
          co_window_corner_a, co_window_paths_b, co_window_of_opportunity_a,
          co_window_paths_a, co_window_corner_a, co_window_cross_1,
          co_window_unsneaky_path_a, co_window_corner_b, co_window_2corner,
          co_window_paths_c, co_window_cross_2, co_window_4corner_a,
          glass_columns_a, hellmonk_ecumenical_altar_lost_god,
          grunt_ministairs_13, chequers_mini_garden
D:4:      layout_gridville, general_overflow_altar, portal_sewer_entry_b
D:5:      layout_gridville, grunt_temple_overflow_holy_war,
          nicolae_overflow_hallway_of_the_gods,
          minmay_temple_entry_stoned_glass, serial_shops,
          nicolae_shop_rolling_square
D:6:      layout_rooms, serial_shops, nicolae_shop_pleasant_corner_grove,
          chequers_serial_rivers_micro_d, kennysheep_generic_room_11
D:7:      layout_rooms, nemelex_dance_club_becter, serial_undead,
          serial_undead_a, serial_undead_d, serial_undead_e, serial_undead_f,
          uniq_pikel
D:8:      layout_rooms, serial_shops, shop, ebering_ghost_rock_garden
D:9:      layout_basic, due_lair_maze_entry_diamond, orc_0_dummy, uniq_psyche
Abyss:1:  base: D:8, hangedman_abyss_or_decor_clamps

Skill      XL: |  1  2  3  4  5  6  7  8  9 10 |
---------------+-------------------------------+-----
Axes           | 4 5 8 11 | 11.6
Fighting       | 4 5 6 8 9 |  9.6
Polearms       | 1 2 3 5 7 8 |  8.9
Dodging        | 3 4 5 7 |  7.2
Armour         | 4 5 6 7 9 10 11 | 11.1
Stealth        | 1 2 |  2.9

Action                     |  1- 3 |  4- 6 |  7- 9 | 10-12 || total
---------------------------+-------+-------+-------+-------++-------
  Melee: Hand axe          |    50 |       |   169 |   219 ||   438
         Halberd           |    61 |   115 |    47 |       ||   223
         Headbutt          |     7 |    11 |    38 |    73 ||   129
         Punch             |     2 |       |       |     4 ||     6
 Invoke: Berserk           |     2 |     1 |     4 |     3 ||    10
         Trog's Hand       |       |       |       |     2 ||     2
         Brothers in Arms  |       |       |       |     1 ||     1
 Armour: Animal skin       |    12 |       |       |       ||    12
         Leather armour    |     3 |       |       |       ||     3
         Scale mail        |    28 |     6 |       |       ||    34
         Ring mail         |     1 |    43 |    92 |    42 ||   178
         Skin              |       |       |       |     4 ||     4
  Dodge: Dodged            |    83 |    67 |   127 |    64 ||   341
